 Dungeon Crawl Stone Soup version 0.28-a0-1152-g9c71ebef14 (webtiles) character file.

Game seed: 17170085686440889836

67 spaghetti the Covert (level 4, -4/31 HPs)
             Began as an Octopode Delver on Dec 14, 2021.
             Killed from afar by a steam dragon (10 damage)
             ... with a ball of steam
             ... on level 7 of the Dungeon.
             The game lasted 00:00:49 (347 turns).

spaghetti the Covert (Octopode Delver)               Turns: 347, Time: 00:00:49

Health: -4/31      AC:  1    Str:  8 (11) XL:     4   Next: 16%
Magic:  4/4        EV: 13    Int: 11 (14) God:
Gold:   30         SH:  0    Dex: 10 (13) Spells: 3/3 levels left

rFire   . . .      SeeInvis .   a - +0 falchion {long}
rCold   . . .      Faith    .   (no shield)
rNeg    . . .      Spirit   .   (helmet restricted)
rPois   .          Reflect  .   (no amulet)
rElec   .          Harm     .   (no ring)
rCorr   .          Rampage  .   (no ring)
Will    .....                   (no ring)
Stlth   +++++.....              (no ring)
HPRegen 0.10/turn               (no ring)
MPRegen 0.09/turn               (no ring)
                                (no ring)
                                (no ring)

@: no status effects
A: almost no armour, amphibious, 8 rings, camouflage 1, gelatinous body 1,
(nimble swimmer 1), tentacles
a: no special abilities


You were on level 7 of the Dungeon.
You visited 1 branch of the dungeon, and saw 3 of its levels.

You collected 30 gold pieces.


Innate Abilities, Weirdness & Mutations

You cannot wear most types of armour.
You are amphibious.
You can wear up to eight rings at the same time.
Your skin changes colour to match your surroundings (Stealth+).
Your rubbery body absorbs attacks. (AC +1, EV +1)
((You are camouflaged near water. (Stealth+)))
You have tentacles for arms and can constrict up to eight enemies at once.


   Skills:
 - Level 3.0 Fighting
 - Level 2.0 Long Blades
 + Level 0.1 Throwing
 - Level 2.0 Dodging
 - Level 8.7 Stealth


You had 3 spell levels left.
You didn't know any spells.
Your spell library was empty.

Inventory:

Hand Weapons
 a - a +0 falchion (weapon) {long}
Missiles
 g - 20 stones (quivered) {throwing}
Wands
 f - a wand of digging (3)
Scrolls
 b - a scroll of fog
 c - a scroll of magic mapping {!r}
Potions
 e - a potion of haste {@q3}

Dungeon Overview and Level Annotations

Branches:
Dungeon (7/15)
 Temple: D:4-7

Altars:

############
##..........##
##.........<..##
#..............#
#........>.....##
#.......D.......#
#........ยง......#..
#.........ยง........
##.........@.......
##..........#.##..
#####.######.# #...#
# #.#.# #.#.# #.# #
#.# #.#


There were no monsters in sight!


Message History

An orc is nearby!
Unknown command.
Unknown command.
Unknown command.
Unknown command.
The orc hits you with a +0 flail! ๐Ÿ˜• HP[-7]
You take 7 damage, and now have 24/31 hp.
MASSIVE DAMAGE!! (PAUSE) Unknown command.
You hit the orc. You grab the orc. You squeeze the orc.
You kill the orc!
You start resting. ๐Ÿ˜Ž HP[+7]
Your hp is fully restored (31).
Things that are here:
a +0 flail {mace}; an orc corpse
Things that are here:
a +0 flail {mace}; an orc corpse
Found a stone staircase leading down.
Unknown command.
Unknown command.
There is a stone staircase leading down here.
You climb downwards.
You hear the roar of battle.
There is an entrance to a bailey on this level.
Hurry and find it before the portal closes forever!
Found an escape hatch in the floor.
There is a stone staircase leading up here.
Unknown command.
Unknown command.
Unknown command.
The helpless steam dragon fails to defend itself.
You hit the steam dragon. Your squeeze misses the steam dragon.
The steam dragon breathes steam at you. The ball of steam misses you.
Unknown command.
Unknown command.
The steam dragon bites you!
The steam dragon claws you but does no damage. ๐Ÿ˜ฎ HP[-10]
You take 10 damage, and now have 21/31 hp.
MASSIVE DAMAGE!! (PAUSE) Unknown command.
You hit the steam dragon.
The steam dragon bites you but does no damage.
The steam dragon misses you.
You hit the steam dragon. The steam dragon barely misses you.
The steam dragon claws you. ๐Ÿ˜ฎ HP[-4]
You take 4 damage, and now have 17/31 hp.
Unknown command.
Unknown command.
You closely miss the steam dragon. The steam dragon barely misses you.
The steam dragon claws you. ๐Ÿ˜ฎ HP[-1]
You take 1 damage, and now have 16/31 hp.
Unknown command.
Unknown command.
Unknown command.
You barely miss the steam dragon. Your squeeze misses the steam dragon.
The steam dragon bites you.
* * * LOW HITPOINT WARNING * * *
The steam dragon barely misses you. x3 ๐Ÿ˜จ HP[-1]
You take 1 damage, and now have 15/31 hp.
Unknown command.
Unknown command.
Unknown command.
Okay, then.
You hit the steam dragon but do no damage.
The steam dragon breathes steam at you. The ball of steam misses you.
Unknown command.
Unknown command.
You hit the steam dragon but do no damage.
Your squeeze misses the steam dragon. The steam dragon bites you!
* * * LOW HITPOINT WARNING * * *
The steam dragon claws you.
* * * LOW HITPOINT WARNING * * *
๐Ÿ˜ฑ HP[-11]
You take 11 damage, and now have 4/31 hp.
MASSIVE DAMAGE!! (PAUSE) Unknown command.
Unknown command.
Okay, then.
As you read the scroll of fear, it crumbles to dust.
You assume a fearsome visage.
The steam dragon looks frightened! ๐Ÿ˜ฑ HP[+1]
There is a stone staircase leading up here.
There is an escape hatch in the floor here.
d - a sedimented puce potion ๐Ÿ˜ฑ HP[+1]
There are no items here.
It was a potion of degeneration.
There was something very wrong with that liquid.
You feel weakened.
You feel dopey.
You feel clumsy.
The steam dragon seems to regain its courage.
The steam dragon breathes steam at you. The ball of steam hits you!
You die...

Skill      XL: |  1 |
---------------+----+-----
Stealth        | 8 |  8.7
Fighting       | |  3.0
Long Blades    | |  2.0
Throwing       | |  0.1
Dodging        | |  2.0

Action                   |  1- 3 |  4- 6 || total
-------------------------+-------+-------++-------
Melee: Falchion          |     4 |     8 ||    12
       Constrict         |     1 |     1 ||     2
       Tentacles         |     1 |     1 ||     2
  Use: Scroll            |       |     1 ||     1
       Potion            |       |     1 ||     1
 Stab: Sleeping          |     1 |     1 ||     2
Armor: Skin              |       |     2 ||     2
Dodge: Dodged            |     4 |     8 ||    12

Levels and vault maps discovered:
D:5:      layout_cave_pods, serial_bayou_pond_b
D:6:      cheibrodos_helix_gallery, layout_loops_ring
D:7:      layout_rooms, mainiacjoe_overflow_brackets, enter_bailey_1,
          nicolae_shop_fire_sale [nicolae_sub_dead_trees],
          kennysheep_big_empty_room, guppyfry_shop_venom, uniq_duvessa

Notes
Turn   | Place    | Note
-------+----------+-------------------------------------------
     0 | D:5      | spaghetti the Octopode Delver began the quest for the Orb.
     0 | D:5      | Reached XP level 1. HP: 16/16 MP: 1/1
     0 | D:5      | magus.rc [v1.9.6]
     5 | D:5      | Noticed a wyvern
    22 | D:6      | Noticed a bullfrog
    30 | D:6      | Killed a bullfrog
    31 | D:6      | Reached skill level 8 in Stealth
    31 | D:6      | Reached XP level 2. HP: 9/21 MP: 2/2
    31 | D:6      | Reached XP level 3. HP: 12/26 MP: 3/3
    31 | D:6      | Reached XP level 4. HP: 14/31 MP: 4/4
   323 | D:7      | Noticed a steam dragon
   331 | D:7      | HP: 6/31 [steam dragon (9)]
   347 | D:7      | Killed from afar by a steam dragon

Vanquished Creatures
  A bullfrog (D:6)
  An orc (D:6)
2 creatures vanquished.

Table legend:
 A = Non-vault XP
 B = Vault XP
 C = Vault XP percentage of total XP
 D = Non-vault monster count
 E = Vault monster count
 F = Vault count percentage of total count
                 A         B        C        D         E       F
            +---------+---------+-------+---------+---------+-------
      Total |      96 |       0 |   0.0 |       2 |       0 |   0.0
            +---------+---------+-------+---------+---------+-------
        D:6 |      96 |       0 |   0.0 |       2 |       0 |   0.0
            +---------+---------+-------+---------+---------+-------

Illustrated notes

Table legend:
 A = Kills in this place as a percentage of kills in entire the game.
 B = Kills by you in this place as a percentage of kills by you in the entire game.
 C = Kills by friends in this place as a percentage of kills by friends in the entire game.
 D = Other kills in this place as a percentage of other kills in the entire game.
 E = Experience gained in this place as a percentage of experience gained in the entire game.
 F = Experience gained in this place divided by the number of levels of this place that you have seen.
                   A       B       C       D       E      F
               +-------+-------+-------+-------+-------+----------------------
         Total | 100.0 | 100.0 |   N/A |   N/A | 100.0 |  32.0
       Dungeon | 100.0 | 100.0 |   N/A |   N/A | 100.0 |  32.0
               +-------+-------+-------+-------+-------+----------------------

Table legend: (Time is in decaauts)
 A = Elapsed time spent in this place.
 B = Non-inter-level travel time spent in this place.
 C = Inter-level travel time spent in this place.
 D = Time resting spent in this place.
 E = Time spent auto-exploring this place.
 F = Levels seen in this place.
 G = Mean time per level.
                   A        B        C        D        E       F      G
               +--------+--------+--------+--------+--------+-----+--------+
         Total |    349 |    348 |      1 |    227 |     62 |   3 |  116.3 |
       Dungeon |    349 |    348 |      1 |    227 |     62 |   3 |  116.3 |
               +--------+--------+--------+--------+--------+-----+--------+

Top non-repeatable levels by time:
     D:6: 311 daAuts
     D:7: 25 daAuts
     D:5: 12 daAuts
